 Dungeon Crawl Stone Soup version 0.29.1-13-g9f3cf754e1 (webtiles) character file.

Game seed: 2759609274112718662

410 theswoord the Chiller (level 6, -5/49 HPs)
             Began as a Naga Ice Elementalist on Feb 2, 2023.
             Was an Initiate of Cheibriados.
             Slain by a wyvern zombie (12 damage)
             ... on level 4 of the Dungeon.
             The game lasted 00:07:29 (3924 turns).

theswoord the Chiller (Naga Ice Elementalist)       Turns: 3924, Time: 00:07:30

Health: -5/49      AC: 10    Str: 11    XL:     6   Next: 89%
Magic:  10/13      EV: 10    Int: 19    God:    Cheibriados [......]
Gold:   200        SH:  0    Dex: 12    Spells: 7/14 levels left

rFire   . . .      SeeInvis +   j - +1 mace (holy)
rCold   . . .      Faith    .   (no shield)
rNeg    . . .      Spirit   .   a - +0 robe
rPois   +          Reflect  .   (no helmet)
rElec   .          Harm     .   (no cloak)
rCorr   .          Rampage  .   (no gloves)
Will    .....                   (no barding)
Stlth   +.........              (no amulet)
HPRegen 0.16/turn               (no ring)
MPRegen 0.13/turn               (no ring)

@: confused, ice-armoured, ambrosia-drunk, very slow
A: AC +2, large, see invisible, deformed body, poison resistance, slowness 2,
spit poison 1, naga tail 1
a: Spit Poison, Renounce Religion


You were on level 4 of the Dungeon.
You worshipped Cheibriados.
Cheibriados was noncommittal.
You visited 2 branches of the dungeon, and saw 5 of its levels.

You collected 200 gold pieces.

Inventory:

Hand Weapons
 c - a +0 whip
 d - a +2 dagger of protection
 j - a +1 mace of holy wrath (weapon)
Missiles
 o - 9 curare-tipped darts (quivered)
Armour
 a - a +0 robe (worn)
Scrolls
 q - a scroll of vulnerability
Potions
 b - a potion of magic
 e - 2 potions of attraction
 f - 2 potions of brilliance
 g - 2 potions of degeneration
 h - a potion of cancellation
 i - 2 potions of flight
 k - 2 potions of invisibility
 l - a potion of berserk rage {unknown}


   Skills:
 - Level 1.5 Dodging
 - Level 3.0 Stealth
 + Level 4.8 Spellcasting
 + Level 6.3 Ice Magic


You had 7 spell levels left.
You knew the following spells:

 Your Spells              Type           Power      Damage    Failure   Level
a - Freeze                Ice            100%       1d11      1%          1
b - Frozen Ramparts       Ice            56%        1d9       2%          3
c - Ozocubu's Armour      Ice            28%        N/A       2%          3

Your spell library contained the following spells:

 Spells                   Type           Power      Damage    Failure   Level
 Hailstorm                Conj/Ice       16%        3d6       34%         4


Dungeon Overview and Level Annotations

Branches:
Dungeon (4/15)             Temple (1/1) D:4

Altars:
Ashenzari
Cheibriados
Elyvilon
Fedhas
Gozag
Hepliaklqana
Makhleb
Nemelex Xobeh
Okawaru
Qazlal
Ru
Sif Muna
Trog
Uskayaw
Vehumet
Wu Jian
Xom
Yredelemnul
Zin
The Shining One

Annotations:
Temple 2 transporters


Innate Abilities, Weirdness & Mutations

Your serpentine skin is tough. (AC +2)
You have supernaturally acute eyesight. (SInv)
Armour fits poorly on your strangely shaped body.
Your system is resistant to poisons. (rPois)
You cover ground very slowly.
You can spit poison.
You have a snake-like lower body.


Message History

The centaur zombie barely misses you.
The wyvern zombie bites you but does no damage.
Unknown command.
You hit the wyvern zombie but do no damage.
The wyvern zombie is severely damaged.
The centaur zombie hits you. The centaur zombie barely misses you.
The wyvern zombie barely misses you. The centaur zombie barely misses you.
The centaur zombie closely misses you.
The wyvern zombie bites you but does no damage.
You barely miss the wyvern zombie.
The wyvern zombie is severely damaged.
The centaur zombie misses you. The centaur zombie barely misses you.
The wyvern zombie barely misses you. The centaur zombie hits you.
The centaur zombie kicks you but does no damage.
The wyvern zombie bites you!
* * * LOW HITPOINT WARNING * * *
You barely miss the wyvern zombie.
The wyvern zombie is severely damaged.
The centaur zombie hits you but does no damage.
The centaur zombie kicks you.
* * * LOW HITPOINT WARNING * * *
The wyvern zombie bites you.
* * * LOW HITPOINT WARNING * * *
The centaur zombie hits you but does no damage.
The centaur zombie kicks you but does no damage.
You hit the wyvern zombie.
The wyvern zombie convulses.
The wyvern zombie is almost destroyed.
The wyvern zombie bites you but does no damage.
The centaur zombie hits you.
* * * LOW HITPOINT WARNING * * *
The centaur zombie kicks you but does no damage.
The wyvern zombie bites you but does no damage.
The centaur zombie barely misses you. The centaur zombie kicks you.
* * * LOW HITPOINT WARNING * * *
You are confused.
You feel invigorated. The wyvern zombie bites you!
* * * LOW HITPOINT WARNING * * *
The centaur zombie hits you but does no damage.
The centaur zombie barely misses you. The wyvern zombie bites you!
You die...

.>. #.#
####### #..
#.#.#.#####..
#..?..#..##.#
##....'..##.#
#.$...'...#.#
##$...ZZ.##.#
#.....#@....##
#.#.#.#......#
###...#.##
##.##.# #)##†#
#.##.# #
#.##.# #
#.##.# #
#.##.#


You could see a wyvern zombie and a centaur zombie.

Vanquished Creatures
  A water moccasin (D:4)
  2 scorpions (D:4)
  An iguana (D:4)
  Jessica (D:2)
  Terence (D:3)
  6 adders
  The ghost of stringoo the Sneak, a weakling OpDe (D:4)
  4 orcs (D:4)
  6 endoplasms
  4 giant cockroaches
  4 goblins
  8 hobgoblins
  2 quokkas (D:1)
  2 ball pythons
  5 bats
  4 frilled lizards
  3 kobolds
  5 rats
60 creatures vanquished.

Notes
Turn   | Place    | Note
-------+----------+-------------------------------------------
     0 | D:1      | theswoord the Naga Ice Elementalist began the quest for the
                  | Orb.
     0 | D:1      | Reached XP level 1. HP: 15/15 MP: 3/3
   558 | D:1      | Reached XP level 2. HP: 13/22 MP: 3/5
  1485 | D:2      | Reached XP level 3. HP: 21/28 MP: 4/7
  2114 | D:2      | Noticed Jessica
  2119 | D:2      | Killed Jessica
  2120 | D:2      | Reached XP level 4. HP: 35/36 MP: 4/8
  2381 | D:3      | Reached skill level 5 in Ice Magic
  2424 | D:3      | Learned a level 3 spell: Frozen Ramparts
  2428 | D:3      | Learned a level 3 spell: Ozocubu's Armour
  2625 | D:3      | Noticed Terence
  2642 | D:3      | Killed Terence
  2643 | D:3      | Reached XP level 5. HP: 29/42 MP: 4/10
  2837 | D:3      | Found a faded altar of an unknown god.
  3229 | D:4      | Reached XP level 6. HP: 33/49 MP: 5/12
  3404 | D:4      | Noticed a water moccasin
  3410 | D:4      | Killed a water moccasin
  3411 | D:4      | Reached skill level 6 in Ice Magic
  3492 | D:4      | Found a staircase to the Ecumenical Temple.
  3508 | Temple   | Entered the Ecumenical Temple
  3508 | Temple   | Found a transporter.
  3508 | Temple   | Found a transporter.
  3510 | Temple   | Found a transporter.
  3510 | Temple   | Found a transporter.
  3531 | Temple   | Became a worshipper of Cheibriados the Contemplative
  3736 | D:4      | Found a blossoming altar of Fedhas.
  3737 | D:4      | Found a burning altar of Makhleb.
  3887 | D:4      | Found a runed translucent gate.
  3888 | D:4      | Found a runed translucent gate.
  3888 | D:4      | Found a runed translucent gate.
  3894 | D:4      | Noticed stringoo's ghost (weakling OpDe)
  3912 | D:4      | Killed stringoo's ghost
  3924 | D:4      | Slain by a wyvern zombie

Skill      XL: |  1  2  3  4  5  6 |
---------------+-------------------+-----
Spellcasting   | 3 4 |  4.8
Ice Magic      | 5 6 |  6.3
Dodging        | |  1.5
Stealth        | |  3.0

Action                   |  1- 3 |  4- 6 || total
-------------------------+-------+-------++-------
Melee: Whip              |    18 |       ||    18
       Dagger            |    44 |    71 ||   115
       Mace              |       |    13 ||    13
 Cast: Freeze            |    25 |    20 ||    45
       Frozen Ramparts   |       |     6 ||     6
       Ozocubu's Armour  |       |     1 ||     1
  Use: Scroll            |     3 |    12 ||    15
       Potion            |     1 |     1 ||     2
 Stab: Sleeping          |     3 |     1 ||     4
Armor: Robe              |    24 |    64 ||    88
Dodge: Dodged            |    38 |    72 ||   110

Levels and vault maps discovered:
D:1:      lemuel_arrival_river_ford, layout_loops_ring
D:2:      layout_loops_cross, serial_forest, infiniplex_forest_clump_medium,
          infiniplex_forest_straight_4, infiniplex_forest_lined_1,
          infiniplex_forest_straight_1, infiniplex_forest_lined_3,
          infiniplex_forest_split, uniq_jessica
D:3:      layout_rooms, hellmonk_ecumenical_altar_crossroads, uniq_terence
D:4:      layout_basic, gammafunk_temple_overflow_wave,
          minmay_temple_entry_wispy, gammafunk_ghost_necromancy
Temple:   hellmonk_temple_divided_pantheon
